 Dungeon Sprint DCSS version 0.26-a0-665-gefeb406119 (webtiles) character file.

Game seed: 13248590053178650769

26342 jesuscristo the Warrior (level 12, -34/133 HPs)
             Began as a Minotaur Berserker on Oct 14, 2020.
             Was a High Priest of Trog.
             Killed from afar by Lom Lobon (47 damage)
             ... with a great icy blast
             ... in the Dungeon (Sprint I: "Red Sonja").
             The game lasted 00:30:38 (4924 turns).

jesuscristo the Warrior (Minotaur Berserker)        Turns: 4924, Time: 00:30:38

Health: -34/133    AC: 23    Str: 30    XL:     12   Next: 97%
Magic:  0/11       EV: 13    Int:  4    God:    Trog [*****.]
Gold:   410        SH: 15    Dex: 11    Spells: 11/11 levels left

rFire    + . .     SeeInvis +   a - +8 mithril axe "Arga" {speed, MR+}
rCold    + + .     Faith    .   r - +0 kite shield
rNeg     . . .     Spirit   +   y - +2 gold dragon scales
rPois    +         Reflect  .   (helmet restricted)
rElec    .         Harm     .   t - scarf {repulsion}
rCorr    .         Rampage  .   (no gloves)
MR       +++..     NoTele   +   (no boots)
Stlth    ..........             e - amulet of guardian spirit
HPRegen  1.32/turn              u - ring of protection from cold
MPRegen  0.12/turn              v - ring of Plog {+Fly rPois Str+4 SInv}

@: berserk cooldown, flying, regenerating, hasted and slowed, repel missiles
A: retaliatory headbutt, horns 2
a: Berserk, Trog's Hand, Brothers in Arms, Renounce Religion


You were in the Dungeon.
You worshipped Trog.
Trog was extremely pleased with you.
You visited 1 branch You collected 4080 gold pieces.
You spent 3670 gold pieces at shops.

Inventory:

Hand Weapons
 a - the +8 mithril axe "Arga" (weapon) {speed, MR+}
   (You bought it in a shop in the Dungeon)

   Attacks with this weapon are significantly faster.
   It affects your resistance to hostile enchantments.
 b - a +7 broad axe of flaming
Missiles
 n - 16 poisoned darts
 q - 2 curare-tipped darts (quivered)
Armour
 c - a +0 tower shield
 r - a +0 kite shield (worn)
 t - a scarf of repulsion (worn)
 y - +2 gold dragon scales (worn)
Jewellery
 e - an amulet of guardian spirit (around neck)
 s - an uncursed ring of resist corrosion
 u - a ring of protection from cold (left hand)
 v - the ring of Plog (right hand) {+Fly rPois Str+4 SInv}
   (You acquired it in the Dungeon)

   [ring of see invisible]

   It affects your strength (+4).
   It protects you from poison.
   It lets you see invisible.
   It lets you fly.
Wands
 i - a wand of digging (12)
Scrolls
 d - a scroll of remove curse
 h - 3 scrolls of blinking
Potions
 f - 3 potions of magic
 g - a potion of berserk rage
 j - 2 potions of curing
 o - a potion of haste
 p - a potion of lignification {unknown}
Miscellaneous
 l - a phantom mirror
 m - a condenser vane (2/2)


   Skills:
 - Level 20.0 Fighting
 - Level 18.0 Axes
 * Level 16.5 Armour
 - Level 15.0 Dodging
 - Level 15.0 Shields
 - Level 8.2 Evocations


You had 11 spell levels left.
You didn't know any spells.
Your spell library was empty.

Dungeon Overview and Level Annotations

Branches:
Dungeon (1/1)

Altars:
Cheibriados
Dithmenos
Elyvilon
Fedhas
Gozag
Hepliaklqana
Kikubaaqudgha
Makhleb
Nemelex Xobeh
Okawaru
Qazlal
Ru
Sif Muna
Trog
Uskayaw
Vehumet
Wu Jian
Xom
Yredelemnul
Zin
The Shining One
Jiyva
Lugonu

Shops:
D :}}*}([(?*}[*(*[?:

Annotations:
D Lom Lobon, Tiamat


Innate Abilities, Weirdness & Mutations

You reflexively headbutt those who attack you in melee.
You have a pair of horns on your head.


Message History

Your deep troll claws Lom Lobon!
Your deep troll completely misses Lom Lobon. x3
Your deep troll closely misses Lom Lobon.
Your iron troll misses Lom Lobon.
Your iron troll claws Lom Lobon!!
Your iron troll misses Lom Lobon.
Lom Lobon hits your iron troll!
Your deep troll closely misses Lom Lobon.
Your deep troll claws Lom Lobon!
Your deep troll misses Lom Lobon.
Your iron troll completely misses Lom Lobon.
Your iron troll misses Lom Lobon.
Your iron troll claws Lom Lobon!!
You catch the helpless Lom Lobon completely off-guard!
You slash Lom Lobon! Your headbutt misses Lom Lobon.
Lom Lobon is almost dead.
You are engulfed in raging winds.
* * * LOW HITPOINT WARNING * * *
Your deep troll dies!
Your deep troll's corpse disappears in a puff of smoke!
Lom Lobon gestures at you.
Lom Lobon conjures a mighty blast of ice!
The great icy blast engulfs you!!! You partially resist.
You die...

##..###..#'###..≈#..§^§†.§..#
###..###...#.≈..##§^.^.§§...##
..#..#.###)#.≈..#.§..§.)§....#
.........#.###..#.§§.§:......#
.....°...#.#.+..##..^.^.^.^.##
....○○####'#.##§##.......§..#
#.°°###....#*#§§§##.....[.§##
#####...####.#§§§§##(.)[.(##
......### *^#§§@§§########
..##### .####§&§§#≈≈≈≈≈ .##
°.#$$#§§T§§≈≈.≈≈ ## *^
#$$.##§§#≈≈≈≈≈ # °°*
#$$○☼######'## # °&. #$$○§# ≈≈
≈≈≈. ###### ≈ #### '^


You could see Lom Lobon (tornado) and a friendly iron troll (summoned, berserk).

Vanquished Creatures
  A golden dragon (D)
  3 fire giants (D)
  A lorocyproca (D)
  A deep elf annihilator (D)
  A mummy priest (D)
  A hydra (D)
  2 centaur warriors (D)
  7 unseen horrors (D)
  A deep troll (D)
  A lindwurm (D)
  2 oklob plants (D)
  2 gargoyles (D)
  2 kobold demonologists (D)
  A hornet (D)
  A meliai (D)
  A slime creature (D)
  2 redbacks (D)
  Sigmund (D)
  13 hogs (D)
  A yak (D)
  3 floating eyes (D)
  7 necrophages (D)
  An ogre (D)
  8 jellies (D)
  Ijyb (D)
  A ball lightning (D)
66 creatures vanquished.

Vanquished Creatures (collateral kills)
  A shadow dragon (D)
  A daeva (D)
  A fire giant (D)
  2 merfolk sirens (D)
  A hellwing (D)
  4 demonic crawlers (D)
10 creatures vanquished.

Vanquished Creatures (others)
  the Lernaean hydra (D)
  Sonja (D)
  4 hornets (D)
  5 ball lightnings (D)
  2 ballistomycete spores (D)
13 creatures vanquished.

Grand Total: 89 creatures vanquished

Notes
Turn   | Place    | Note
-------+----------+-------------------------------------------
     0 | D        | jesuscristo the Minotaur Berserker began the quest for the
                  | Orb.
     0 | D        | Reached XP level 1. HP: 19/19 MP: 0/0
     1 | D        | Noticed Ijyb
     9 | D        | Killed Ijyb
     9 | D        | Reached skill level 6 in Fighting
     9 | D        | Reached XP level 2. HP: 30/30 MP: 1/1
    52 | D        | Noticed an ogre
    55 | D        | Killed an ogre
    55 | D        | Reached skill level 8 in Fighting
    55 | D        | Reached XP level 3. HP: 41/41 MP: 2/2
    55 | D        | Reached XP level 4. HP: 49/49 MP: 3/3
    96 | D        | Noticed Sigmund
   101 | D        | Killed Sigmund
   101 | D        | Reached ** piety under Trog
   101 | D        | Reached skill level 10 in Fighting
   101 | D        | Reached XP level 5. HP: 58/58 MP: 4/4
   161 | D        | Found an ornate altar of the Wu Jian Council.
   161 | D        | Found a shimmering blue altar of Sif Muna.
   163 | D        | Found a radiant altar of Vehumet.
   168 | D        | Reached XP level 6. HP: 66/66 MP: 5/5
   226 | D        | Found Eniu's Gadget Emporium.
   226 | D        | Found an ancient bone altar of Kikubaaqudgha.
   226 | D        | Found a hazy altar of Hepliaklqana.
   226 | D        | Found a stormy altar of Qazlal.
   226 | D        | Found a hide-covered altar of Uskayaw.
   226 | D        | Found a blossoming altar of Fedhas.
   226 | D        | Found a bloodstained altar of Trog.
   226 | D        | Found an iron altar of Okawaru.
   226 | D        | Found a basalt altar of Yredelemnul.
   226 | D        | Found a glowing golden altar of the Shining One.
   226 | D        | Found a snail-covered altar of Cheibriados.
   226 | D        | Found a sacrificial altar of Ru.
   226 | D        | Found a glowing silver altar of Zin.
   226 | D        | Found a shadowy altar of Dithmenos.
   226 | D        | Found a white marble altar of Elyvilon.
   226 | D        | Noticed a yak
   230 | D        | Killed a yak
   256 | D        | Found an opulent altar of Gozag.
   257 | D        | Found a sparkling altar of Nemelex Xobeh.
   298 | D        | Found a burning altar of Makhleb.
   298 | D        | Found a viscous altar of Jiyva.
   298 | D        | Found a shimmering altar of Xom.
   298 | D        | Found a corrupted altar of Lugonu.
   298 | D        | Noticed a slime creature
   305 | D        | Killed a slime creature
   305 | D        | Reached *** piety under Trog
   305 | D        | Reached skill level 15 in Axes
   305 | D        | Reached XP level 7. HP: 72/72 MP: 6/6
   359 | D        | Noticed a kobold demonologist
   359 | D        | Noticed a kobold demonologist
   369 | D        | Noticed a red devil
   371 | D        | Noticed a red devil
   371 | D        | Killed a kobold demonologist
   372 | D        | Killed a kobold demonologist
   372 | D        | Reached **** piety under Trog
   372 | D        | Reached XP level 8. HP: 79/79 MP: 7/7
   424 | D        | Noticed Sonja
   439 | D        | Killed Sonja
   616 | D        | Found Dufeilee's Book Boutique.
   636 | D        | Noticed a deep troll
   644 | D        | Killed a deep troll
   644 | D        | Reached skill level 10 in Armour
   644 | D        | Reached XP level 9. HP: 73/85 MP: 8/8
   835 | D        | Found Louqu's Armour Emporium.
   840 | D        | Bought the cursed +0 chain mail of Spite {MR+ Str+2} for
                  | 183 gold pieces
   875 | D        | Noticed a centaur warrior
   887 | D        | Killed a centaur warrior
   887 | D        | Reached skill level 10 in Dodging
  1063 | D        | Reached skill level 11 in Fighting
  1097 | D        | Noticed an oklob plant
  1105 | D        | Killed an oklob plant
  1105 | D        | Reached skill level 12 in Fighting
  1107 | D        | Noticed a centaur warrior
  1121 | D        | Killed a centaur warrior
  1121 | D        | Reached ***** piety under Trog
  1121 | D        | Reached skill level 14 in Fighting
  1121 | D        | Reached XP level 10. HP: 73/104 MP: 9/9
  1244 | D        | Reached skill level 15 in Fighting
  1440 | D        | Killed an unseen horror
  1445 | D        | Killed an unseen horror
  1759 | D        | Received a gift from Trog
  2018 | D        | Found the +5 robe of Misfortune {*Contam Harm *Corrode
                  | *Drain *Slow EV+5}
  2019 | D        | Paralysed by a floating eye for 4 turns
  2024 | D        | Reached ****** piety under Trog
  2024 | D        | Received a gift from Trog
  2036 | D        | Identified the Papyrus of Enchanting Weightlessness
  2194 | D        | Found Plog's Assorted Antiques.
  2194 | D        | Found Zeacvogi's Gadget Shop.
  2194 | D        | Found Ovosus's Gadget Boutique.
  2196 | D        | Found Ollubuz's Antique Weapon Emporium.
  2196 | D        | Found Xizxoaf's Armour Shop.
  2196 | D        | Found Woeff's Antique Weapon Shoppe.
  2196 | D        | Found Java Soa's Magic Scroll Boutique.
  2196 | D        | Found Cumousch's Assorted Antiques.
  2196 | D        | Found Izoi's Gadget Shop.
  2196 | D        | Found Saci Doa's Armour Shoppe.
  2198 | D        | Found Ymuppew's Assorted Antiques.
  2199 | D        | Found Aluogeli's Assorted Antiques.
  2199 | D        | Found Boydual's Antique Weapon Boutique.
  2200 | D        | Found Edegebic's Magic Scroll Emporium.
  2228 | D        | Bought a +0 buckler for 49 gold pieces
  2296 | D        | Reached skill level 1 in Shields
  2301 | D        | Reached skill level 15 in Armour
  2305 | D        | Received a gift from Trog
  2332 | D        | Noticed a gargoyle
  2336 | D        | Killed a gargoyle
  2376 | D        | Noticed a lindwurm
  2380 | D        | Killed a lindwurm
  2382 | D        | Killed a lorocyproca
  2382 | D        | Reached skill level 10 in Shields
  2382 | D        | Reached XP level 11. HP: 21/112 MP: 0/10
  2756 | D        | Received a gift from Trog
  2992 | D        | Killed the 27-headed Lernaean hydra
  3313 | D        | Bought the +8 mithril axe "Arga" {speed, MR+} for 1227 gold
                  | pieces
  3313 | D        | Found the +8 mithril axe "Arga" {speed, MR+}
  3314 | D        | Bought a kite shield for 121 gold pieces
  3326 | D        | Bought a tiny cabochon amulet for 110 gold pieces
  3326 | D        | Bought a blackened pearl ring for 110 gold pieces
  3337 | D        | Bought a condenser vane (2/2) for 200 gold pieces
  3338 | D        | Bought an embroidered scarf for 184 gold pieces
  3411 | D        | Noticed a 12-headed hydra
  3418 | D        | Killed an eight-headed hydra
  3418 | D        | Received a gift from Trog
  3633 | D        | Noticed a daeva
  3641 | D        | Killed a daeva
  3674 | D        | Killed an unseen horror
  3726 | D        | Killed an unseen horror
  3726 | D        | Reached skill level 15 in Shields
  3735 | D        | Killed an unseen horror
  3738 | D        | Killed an unseen horror
  3743 | D        | Killed an unseen horror
  3841 | D        | Noticed a fire giant
  3856 | D        | Killed a fire giant
  3856 | D        | Reached XP level 12. HP: 119/119 MP: 11/11
  3866 | D        | Noticed a fire giant
  3866 | D        | Noticed a fire giant
  3867 | D        | Noticed a fire giant
  3900 | D        | Killed a fire giant
  3906 | D        | Killed a fire giant
  3906 | D        | Received a gift from Trog
  3906 | D        | Reached skill level 15 in Dodging
  4088 | D        | Killed a fire giant
  4088 | D        | Reached skill level 16 in Fighting
  4197 | D        | Identified the +4 dragonskin cloak
  4197 | D        | Noticed Tiamat
  4258 | D        | Noticed a deep elf annihilator
  4271 | D        | Noticed a golden dragon
  4322 | D        | Noticed a shadow dragon
  4339 | D        | Killed a golden dragon
  4339 | D        | Received a gift from Trog
  4339 | D        | Reached skill level 18 in Fighting
  4342 | D        | Killed a shadow dragon
  4342 | D        | Reached skill level 19 in Fighting
  4425 | D        | Found Jucishryn's Book Shoppe.
  4522 | D        | Killed a deep elf annihilator
  4550 | D        | Noticed a mummy priest
  4641 | D        | Bought a +0 tower shield for 49 gold pieces
  4643 | D        | Bought a scroll of blinking for 105 gold pieces
  4643 | D        | Bought a scroll of enchant weapon for 105 gold pieces
  4643 | D        | Bought a scroll of enchant weapon for 105 gold pieces
  4645 | D        | Bought a phantom mirror for 300 gold pieces
  4647 | D        | Bought 2 potions of haste for 440 gold pieces
  4647 | D        | Bought a scroll labeled GISMACVINYL for 22 gold pieces
  4647 | D        | Bought a scroll labeled ZIBUOSCHIHYU for 22 gold pieces
  4647 | D        | Acquired the ring of Plog {+Fly rPois Str+4 SInv}
  4654 | D        | Bought a scroll of enchant armour for 97 gold pieces
  4659 | D        | Bought a potion of curing for 69 gold pieces
  4659 | D        | Bought a scroll of enchant weapon for 172 gold pieces
  4747 | D        | Noticed a jiangshi
  4754 | D        | Killed a mummy priest
  4754 | D        | Reached skill level 20 in Fighting
  4875 | D        | Noticed Lom Lobon
  4924 | D        | Killed from afar by Lom Lobon

Illustrated notes

Levels and vault maps discovered:
D:        dungeon_sprint_1 [red_sonja_temple_1, red_sonja_temple_small_1]

Skill      XL: |  1  2  3  4  5  6  7  8  9 10 11 12 |
---------------+-------------------------------------+-----
Fighting       | 6 8 10 14 15 20 | 20.0
Axes           | 6 8 11 12 15 16 18 | 18.0
Evocations     | 8 |  8.2
Armour         | 10 15 16 | 16.5
Dodging        | 6 10 13 15 | 15.0
Shields        | 10 15 | 15.0

Action                   |  1- 3 |  4- 6 |  7- 9 | 10-12 || total
-------------------------+-------+-------+-------+-------++-------
Melee: Hand axe          |     8 |    15 |    61 |    52 ||   136
       Headbutt          |     2 |     4 |    10 |    43 ||    59
       Broad axe         |       |       |       |   125 ||   125
Throw: Dart              |       |       |       |     1 ||     1
Invok: Berserk           |     2 |     4 |     6 |    12 ||    24
       Brothers in Arms  |       |       |       |     7 ||     7
       Trog's Hand       |       |       |       |     3 ||     3
 Abil: Evoke Flight      |       |       |       |     2 ||     2
Evoke: Wand              |       |       |       |     2 ||     2
       Condenser vane    |       |       |       |     1 ||     1
  Use: Scroll            |       |     1 |       |    15 ||    16
       Potion            |       |       |     1 |     4 ||     5
 Stab: Distracted        |       |       |       |     1 ||     1
Armor: Animal skin       |     1 |       |       |       ||     1
       Leather armour    |       |       |     5 |       ||     5
       Chain mail        |       |       |    13 |   122 ||   135
       Gold dragon scale |       |       |       |     3 ||     3
Dodge: Dodged            |     2 |     4 |    21 |    81 ||   108
       Repelled          |       |       |       |     1 ||     1
Block: Kite shield       |       |       |       |    44 ||    44
       Buckler           |       |       |       |     1 ||     1

Table legend: (Time is in decaauts)
 A = Elapsed time spent in this place.
 B = Non-inter-level travel time spent in this place.
 C = Inter-level travel time spent in this place.
 D = Time resting spent in this place.
 E = Time spent auto-exploring this place.
 F = Levels seen in this place.
 G = Mean time per level.
                   A        B        C        D        E       F      G
               +--------+--------+--------+--------+--------+-----+--------+
         Total |   5047 |   4729 |    318 |   3072 |     85 |   1 | 5047.0 |
       Dungeon |   5047 |   4729 |    318 |   3072 |     85 |   1 | 5047.0 |
               +--------+--------+--------+--------+--------+-----+--------+

Top non-repeatable levels by time:
       D: 5047 daAuts
